 Dungeon Sprint DCSS version 0.26-a0-1191-ge2a0e31ab3 (webtiles) character file.

Game seed: 11941519786792540898

1007 reriks the Protected (level 8, -1/41 HPs)
             Began as a Gargoyle Berserker on Dec 28, 2020.
             Was a Priest of Trog.
             Slain by a neqoxec (5 damage)
             ... in the Dungeon (Sprint II: "The Violet Keep of Menkaure").
             The game lasted 00:01:02 (715 turns).

reriks the Protected (Gargoyle Berserker)            Turns: 715, Time: 00:01:02

Health: -1/41      AC:  8    Str: 21      XL:     8   Next: 20%
Magic:  8/8        EV: 11    Int:  8      God:    Trog [***...]
Gold:   486        SH:  0    Dex:  5 (7)  Spells: 7/7 levels left

rFire    . . .     SeeInvis .   a - +0 mace
rCold    . . .     Faith    .   (no shield)
rNeg     + . .     Spirit   .   b - +0 animal skin
rPois    ∞         Reflect  .   (helmet restricted)
rElec    +         Harm     .   (no cloak)
rCorr    .         Rampage  .   (no gloves)
Will     .....     Clarity  +   (no boots) Stlth +.........NoTele +
                                (no amulet)
HPRegen  0.13/turn              (no ring)
MPRegen  0.11/turn              (no ring)

@: berserk cooldown, hasted and slowed
A: horns 1, blurry vision 1, clarity, clumsy 1, frail 1, negative energy
resistance 1, screaming 2, electricity resistance, weak 1, unbreathing,
petrification resistance, miasma immunity, AC +5
a: Renounce Religion, Berserk, Trog's Hand


You were in the Dungeon.
You worshipped Trog.
Trog was most pleased with you.
You visited 1 branch You collected 486 gold pieces.

Inventory:

Hand Weapons
 a - a +0 mace (weapon)
Armour
 b - a +0 animal skin (worn)
Scrolls
 h - a scroll of blinking
Potions
 f - 2 potions of magic
 g - a potion of berserk rage


   Skills:
 - Level 3.2 Fighting
 + Level 12.4 Maces & Flails
 + Level 13.2 Armour
 - Level 1.5 Dodging


You had 7 spell levels left.
You didn't know any spells.
Your spell library was empty.

Dungeon Overview and Level Annotations

Branches:
Dungeon (1/1)

Altars:


Innate Abilities, Weirdness & Mutations

You are resistant to torment.
Your stone body is resilient. (AC +5)
You are immune to poison.
You resist negative energy. (rN+)
You are resistant to electric shocks. (rElec)
You can survive without breathing.
You are immune to petrification.
You are immune to miasma.
You have a pair of small horns on your head.
Scrolls take you a little longer to read.
You possess an exceptional clarity of mind.
You are clumsy. (Dex -2)
You are frail. (-10% HP)
You sometimes yell uncontrollably at your foes.
You are weak. (Str -2)


Message History

Your Armour skill increases to level 13!
You completely miss the quasit. The ufetubus misses you.
The ufetubus closely misses you. The quasit barely misses you.
The quasit claws you but does no damage.
The quasit closely misses you.
The neqoxec hits you but does no damage.
The crimson imp blinks!
The ufetubus hits you but does no damage. x2
Unknown command.
You barely miss the neqoxec. The quasit closely misses you. x2
The quasit claws you but does no damage.
The ufetubus barely misses you.
The ufetubus hits you but does no damage.
The neqoxec closely misses you.
You barely miss the neqoxec. The quasit closely misses you.
The quasit claws you but does no damage.
The quasit barely misses you.
The ufetubus hits you but does no damage. x2
You hit the neqoxec but do no damage. The neqoxec hits you.
You die...

##+## ##.#.##
#..#..# #
#...#### ##B
##'###.#
#.°.##.##.#
#+.§.÷###+
#.°B##5##.#.#
##. #@###.# #
#35.####
#..##.# ###
##


You could see a neqoxec, a quasit (summoned) and an ufetubus (summoned).

Vanquished Creatures
  2 wyverns (D)
  3 neqoxecs (D)
  4 necrophages (D)
9 creatures vanquished.

Vanquished Creatures (others)
  Menkaure (D)
  A water moccasin (D)
2 creatures vanquished.

Grand Total: 11 creatures vanquished

Notes
Turn   | Place    | Note
-------+----------+-------------------------------------------
     0 | D        | reriks the Gargoyle Berserker began the quest for the Orb.
     0 | D        | Reached XP level 1. HP: 14/14 MP: 1/1
     1 | D        | Noticed a necrophage
     1 | D        | Noticed a necrophage
     1 | D        | Noticed a necrophage
     1 | D        | Noticed a necrophage
    12 | D        | Killed a necrophage
    13 | D        | Reached skill level 6 in Armour
    13 | D        | Reached XP level 2. HP: 7/19 MP: 2/2
    13 | D        | Reached XP level 3. HP: 9/23 MP: 3/3
    13 | D        | Reached XP level 4. HP: 11/28 MP: 4/4
    16 | D        | Killed a necrophage
    17 | D        | Reached skill level 8 in Armour
    17 | D        | Reached XP level 5. HP: 13/32 MP: 5/5
    22 | D        | Killed Menkaure
    23 | D        | Killed a necrophage
    23 | D        | Reached ** piety under Trog
    24 | D        | Reached skill level 9 in Armour
    24 | D        | Reached XP level 6. HP: 8/37 MP: 6/6
    27 | D        | Killed a water moccasin
    35 | D        | Killed a necrophage
    36 | D        | Reached skill level 10 in Maces & Flails
    36 | D        | Reached skill level 10 in Armour
   320 | D        | Noticed a boulder beetle
   320 | D        | Noticed a boulder beetle
   324 | D        | Noticed a wyvern
   324 | D        | Noticed a wyvern
   329 | D        | Killed a wyvern
   330 | D        | Reached skill level 11 in Armour
   330 | D        | Reached XP level 7. HP: 41/41 MP: 7/7
   338 | D        | Killed a wyvern
   338 | D        | Reached *** piety under Trog
   339 | D        | Reached skill level 12 in Armour
   671 | D        | Noticed a neqoxec
   671 | D        | Noticed a neqoxec
   671 | D        | Noticed a neqoxec
   671 | D        | Noticed a neqoxec
   680 | D        | Killed a neqoxec
   689 | D        | Killed a neqoxec
   690 | D        | Reached XP level 8. HP: 38/46 MP: 8/8
   694 | D        | Gained mutation: You are weak. (Str -2) [a neqoxec]
   700 | D        | Gained mutation: You occasionally shout uncontrollably at
                  | your foes. [a neqoxec]
   701 | D        | Gained mutation: You are clumsy. (Dex -2) [a neqoxec]
   703 | D        | Gained mutation: You possess an exceptional clarity of
                  | mind. [a neqoxec]
   705 | D        | Gained mutation: You have a pair of small horns on your
                  | head. [a neqoxec]
   707 | D        | Gained mutation: You sometimes yell uncontrollably at your
                  | foes. [a neqoxec]
   708 | D        | Gained mutation: Scrolls take you a little longer to read.
                  | [a neqoxec]
   710 | D        | Gained mutation: You are frail. (-10% HP) [a neqoxec]
   712 | D        | Reached skill level 13 in Armour
   715 | D        | Slain by a neqoxec

Illustrated notes

Levels and vault maps discovered:
D:        the_violet_keep_of_menkaure [sprint2_stairs_cluster_1,
          sprint2_shoproom, sprint2_temple, sprint2_basic_supplies,
          sprint2_obstacle_1, sprint2_obstacle_4, sprint2_obstacle_7,
          sprint2_obstacle_2, sprint2_obstacle_5, sprint2_timed_cluster_1,
          sprint2_smallroom_cluster_1, sprint2_smallroom_final_cluster_1,
          sprint2_transparent_cluster_1, sprint2_second_timed_cluster_1,
          sprint2_sniper_area_1, sprint2_heavy_combat_area_1,
          sprint2_mutation_trap_area_1, sprint2_forest_area_1,
          sprint2_light_combat_area_1, sprint2_behind_water_1,
          sprint2_near_end_vault_1]

Skill      XL: |  1  2  3  4  5  6  7  8 |
---------------+-------------------------+-----
Maces & Flails | 6 8 9 10 12 | 12.4
Armour         | 6 8 9 11 12 13 | 13.2
Fighting       | |  3.2
Dodging        | |  1.5

Action                   |  1- 3 |  4- 6 |  7- 9 || total
-------------------------+-------+-------+-------++-------
Melee: Mace              |    10 |    27 |    46 ||    83
Invok: Berserk           |     1 |     1 |     1 ||     3
       Trog's Hand       |       |       |     1 ||     1
  Use: Potion            |       |       |     3 ||     3
Armor: Animal skin       |     2 |     7 |    46 ||    55
Dodge: Dodged            |     1 |    14 |    63 ||    78

Table legend: (Time is in decaauts)
 A = Elapsed time spent in this place.
 B = Non-inter-level travel time spent in this place.
 C = Inter-level travel time spent in this place.
 D = Time resting spent in this place.
 E = Time spent auto-exploring this place.
 F = Levels seen in this place.
 G = Mean time per level.
                   A        B        C        D        E       F      G
               +--------+--------+--------+--------+--------+-----+--------+
         Total |    715 |    715 |      0 |    616 |      0 |   1 |  715.0 |
       Dungeon |    715 |    715 |      0 |    616 |      0 |   1 |  715.0 |
               +--------+--------+--------+--------+--------+-----+--------+

Top non-repeatable levels by time:
       D: 715 daAuts
